 Dungeon Crawl Stone Soup version 0.28-a0-381-g937acc2988 (webtiles) character file.

Game seed: 11643046999144219329

29496 speeev33 the Warrior (level 13, -2/134 HPs)
             Began as a Hill Orc Fighter on Sept 2, 2021.
             Was a High Priest of Okawaru.
             Slain by a sixfirhy (3 damage)
             ... summoned by an orc high priest
             ... on level 2 of the Orcish Mines.
             The game lasted 00:31:52 (18872 turns).

speeev33 the Warrior (Hill Orc Fighter)            Turns: 18872, Time: 00:31:53

Health: -2/134     AC: 21    Str: 24    XL:     13   Next: 45%
Magic:  17/19      EV: 12    Int:  8    God:    Okawaru [*****.]
Gold:   325        SH:  5    Dex:  7    Spells: 12/12 levels left

rFire   + . .      SeeInvis .   a - +3 broad axe (drain)
rCold   + . .      Faith    +   c - +0 buckler
rNeg    . . .      Spirit   .   i - +0 plate armour
rPois   .          Reflect  .   f - +0 hat of the Forest {+Inv Fly rCorr Dex-5}
rElec   +          Harm     .   o - +0 cloak
rCorr   +          Rampage  .   e - +0 pair of gloves {Stlth+}
Will    .....                   h - +0 pair of boots of Dogmatism {rElec rC+ Dex+2}
Stlth   ..........              C - amulet of faith
HPRegen 0.32/turn               g - ring of protection from fire
MPRegen 0.16/turn               j - +4 ring of evasion

@: heroic, finesse-ful, flying
A: no striking features
a: Renounce Religion, Convert to Beogh, Evoke Invisibility, Heroism, Finesse,
Duel


You were on level 2 of the Orcish Mines.
You worshipped Okawaru.
Okawaru was extremely pleased with you.
You visited 4 branches of the dungeon, and saw 16 of its levels.

You collected 801 gold pieces.
You spent 476 gold pieces at shops.

Inventory:

Hand Weapons
 a - a +3 broad axe of draining (weapon)
 b - a +0 war axe of flaming
Missiles
 k - 40 poisoned darts
 n - 7 atropa-tipped darts (quivered)
 y - 3 curare-tipped darts
Armour
 c - a +0 buckler (worn)
 e - a +0 pair of gloves of stealth (worn)
 f - the +0 hat of the Forest (worn) {+Inv Fly rCorr Dex-5}
   (Okawaru gifted it to you on level 2 of the Orcish Mines)

   Dex:       It affects your dexterity (-5).
   +Inv:      It lets you turn invisible.
   Fly:       It grants you flight.
   rCorr:     It protects you from acid and corrosion.
 h - the +0 pair of boots of Dogmatism (worn) {rElec rC+ Dex+2}
   (You bought it in a shop on level 4 of the Dungeon)

   Dex:       It affects your dexterity (+2).
   rC:        It protects you from cold.
   rElec:     It insulates you from electricity.
 i - a +0 plate armour (worn)
 o - a +0 cloak (worn)
Jewellery
 g - a ring of protection from fire (left hand)
 j - a +4 ring of evasion (right hand)
 s - a ring of resist corrosion
 x - a ring of protection from cold
 C - an amulet of faith (around neck)
Wands
 u - a wand of digging (9)
 v - a wand of iceblast (3)
Scrolls
 r - 2 scrolls of amnesia
 A - a scroll of fear
 I - 2 scrolls of teleportation
Potions
 d - 3 potions of curing
 m - 4 potions of mutation
 p - 2 potions of resistance
 w - 3 potions of brilliance
 z - 2 potions of lignification
 B - a potion of invisibility {unknown}
 D - 2 potions of magic
 E - 3 potions of ambrosia
 F - a potion of haste {unknown}


   Skills:
 + Level 17.8(22.8) Fighting
 - Level 16.0(21.0) Axes
 + Level 8.8(13.8) Armour
 - Level 4.0(9.0) Shields
 - Level 8.0 Invocations


You had 12 spell levels left.
You didn't know any spells.
Your spell library contained the following spells:

 Spells                   Type           Power      Damage    Failure   Level
 Beastly Appendage        Tmut           0%         N/A       98%         1
 Magic Dart               Conj           0%         1d3       98%         1
 Wereblood                Tmut           0%         N/A       99%         2
 Dazzling Flash           Conj/Hex       0%         N/A       100%        3
 Mephitic Cloud           Conj/Pois/Air  0%         N/A       100%        3
 Spider Form              Tmut/Pois      0%         N/A       100%        3
 Iskenderun's Mystic Bla  Conj/Tloc      0%         2d3       100%        4
 Passage of Golubria      Tloc           N/A        N/A       100%        4
 Silence                  Hex/Air        0%         N/A       100%        5
 Starburst                Conj/Fire      0%         6d3       100%        6
 Lehudib's Crystal Spear  Conj/Erth      0%         10d2      100%        8
 Call Imp                 Summ           Unusable   N/A       N/A         2

Dungeon Overview and Level Annotations

Branches:
Dungeon (12/15)            Temple (1/1) D:7            Lair (1/6) D:9
    Orc (2/2) D:10
    Elf: Orc:2

Altars:
Ashenzari
Cheibriados
Dithmenos
Elyvilon
Fedhas
Gozag
Hepliaklqana
Kikubaaqudgha
Makhleb
Nemelex Xobeh
Okawaru
Qazlal
Ru
Sif Muna
Trog
Uskayaw
Vehumet
Wu Jian
Xom
Yredelemnul
Zin
The Shining One
Beogh

Shops:
D:4 [   D:7 !*=*(   Orc:2 *[=


Message History

The orc high priest shouts!
The orc priest hits you but does no damage.
You hit the orc priest. You drain the orc priest.
The orc priest is moderately wounded.
You barely miss the orc warrior.
The orc high priest prays to Beogh.
You barely miss the orc priest.
The orc priest is moderately wounded.
You slash the orc warrior!
The orc priest shouts, "Beogh is our master!
Accept the truth or die!"
You slash the orc priest!
You kill the orc priest!
Okawaru accepts your kill.
You slash the orc warrior! You drain the orc warrior.
The orc warrior barely misses you.
The orc priest calls down the wrath of Beogh upon you.
Beogh smites you!
* * * LOW HITPOINT WARNING * * *
The orc warrior barely misses you.
The orc high priest shouts, "Surrender to Beogh and we'll let you live!"
You see here a +0 mace.
Items here: ) [[ †.
You feel better.
The sixfirhy hits you but does no damage.
You block the sixfirhy's attack.
The sixfirhy hits you but does no damage.
Things that are here:
a +1 halberd; a +4 chain mail of cold resistance You block the sixfirhy's attack.
The orc high priest mumbles some strange prayers to Beogh.
Items here: )))) [[[ ††.
Items here: )) ††.
The sixfirhy hits you.
* * * LOW HITPOINT WARNING * * *
The sixfirhy shocks you. You resist.
* * * LOW HITPOINT WARNING * * *
The sixfirhy hits you!
* * * LOW HITPOINT WARNING * * *
The sixfirhy shocks you. You resist.
You die...

#### #.....##..##(.#....#
#...##..)...#...#..'....#
.....##.........#..####)#
..8...##........## #.....
......8.o)8...8.####.####
.._....o[.......+..))#..#
......8o3†8...8.####)'..#
..8...##3.......####.#..#
.....##.@.......#..#.####
#...##......#...#..'.....
#### #.....##..##..#....#
##.....# .#####....#
#.....## .# ......#
#######.....# ##.#####+#
###...##.....## #
#...........##
##))........##


You could see an orc high priest, a sixfirhy (summoned), a neqoxec (summoned),
an orc warrior (drained) and an orc priest.

Vanquished Creatures
  Saint Roka (Orc:2)
  Snorg (Orc:2)
  Josephine (Orc:2)
  Erica (D:9)
  A centaur warrior (D:11)
  5 two-headed ogres
  An orc high priest (Orc:2)
  Pikel (D:7)
  4 orc knights (Orc:2)
  A deep elf pyromancer (D:9)
  4 orc sorcerers (Orc:2)
  A cyclops (D:9)
  Maggie (D:6)
  A komodo dragon (D:9)
  7 trolls
  Grinder (D:4)
  A basilisk (D:11)
  4 wraiths
  13 yaks
  Grum (D:8)
  Menkaure (D:6)
  4 wargs
  2 water moccasins (D:9)
  2 acid dragons
  A sky beast (D:5)
  30 orc warriors
  4 black bears
  7 ogres
  3 wolves (D:7)
  2 lemures (D:7)
  A phantom (D:5)
  7 centaurs
  A kobold brigand (D:9)
  3 bullfrogs
  5 scorpions
  A water moccasin zombie (D:6)
  17 killer bees
  8 wights
  An electric eel (D:7)
  A bullfrog zombie (D:6)
  5 centaur zombies
  19 orc priests
  2 hounds
  Crazy Yiuf (D:2)
  2 jellies (D:8)
  3 iguanas
  13 orc wizards
  2 killer bee zombies
  A howler monkey zombie (D:7)
  3 gnolls (D:4)
  4 adders
  4 white imps
  An adder zombie (D:5)
  An adder skeleton (D:4)
  2 worms
  94 orcs
  6 endoplasms
  4 giant cockroaches
  4 goblins
  7 hobgoblins
  4 jackals (D:2)
  18 kobolds
  4 quokkas
  8 ball pythons
  3 bats
  4 frilled lizards
  A quokka skeleton (D:4)
  6 rats
378 creatures vanquished.

Vanquished Creatures (others)
  An orc wizard (D:5)
  An orc (D:5)
  8 fungi (D:9)
  24 plants
34 creatures vanquished.

Grand Total: 412 creatures vanquished

Notes
Turn   | Place    | Note
-------+----------+-------------------------------------------
     0 | D:1      | speeev33 the Hill Orc Fighter began the quest for the Orb.
     0 | D:1      | Reached XP level 1. HP: 19/19 MP: 1/1
   430 | D:1      | Reached XP level 2. HP: 27/27 MP: 2/2
   778 | D:2      | Found a burning altar of Makhleb.
   827 | D:2      | Reached skill level 4 in Fighting
   987 | D:2      | Reached XP level 3. HP: 27/33 MP: 3/3
  1688 | D:2      | Found a runed translucent door.
  1689 | D:2      | Noticed Crazy Yiuf
  1698 | D:2      | Killed Crazy Yiuf
  1699 | D:2      | Reached XP level 4. HP: 18/41 MP: 4/4
  1928 | D:3      | Found a faded altar of an unknown god.
  2512 | D:3      | Reached skill level 5 in Fighting
  2512 | D:3      | Reached XP level 5. HP: 48/48 MP: 5/5
  2532 | D:3      | Reached skill level 5 in Axes
  2655 | D:4      | Noticed Grinder
  2663 | D:4      | Paralysed by Grinder for 3 turns
  2670 | D:4      | Killed Grinder
  2671 | D:4      | Reached skill level 6 in Fighting
  2671 | D:4      | Reached XP level 6. HP: 53/57 MP: 6/6
  3025 | D:4      | Reached XP level 7. HP: 49/64 MP: 7/7
  3419 | D:4      | Found an ornate altar of the Wu Jian Council.
  3641 | D:4      | Found Xeuvid's Antique Armour Boutique.
  3955 | D:5      | Entered Level 5 of the Dungeon
  4089 | D:5      | Reached skill level 7 in Fighting
  5082 | D:5      | Reached skill level 8 in Fighting
  5082 | D:5      | Reached XP level 8. HP: 21/74 MP: 8/8
  5650 | D:6      | Noticed Menkaure
  5667 | D:6      | Killed Menkaure
  6046 | D:6      | Reached skill level 9 in Fighting
  6129 | D:6      | Found a hazy altar of Hepliaklqana.
  6256 | D:6      | Reached skill level 10 in Axes
  6487 | D:6      | Noticed Maggie
  6503 | D:6      | Killed Maggie
  6504 | D:6      | Reached skill level 10 in Fighting
  6504 | D:6      | Reached XP level 9. HP: 26/85 MP: 9/9
  6923 | D:6      | Noticed a moth of wrath
  6926 | D:6      | Found a bloodstained altar of Trog.
  7013 | D:7      | Found Ykhut's Jewellery Boutique.
  7014 | D:7      | Found Paelent's General Store.
  7017 | D:7      | Found Efyfi's Antique Weapon Boutique.
  7018 | D:7      | Found Epesogge's Assorted Antiques.
  7168 | D:7      | Found Plog's Distillery.
  7223 | D:7      | Noticed Pikel
  7266 | D:7      | Killed Pikel
  7398 | D:7      | Reached skill level 11 in Fighting
  7473 | D:7      | Found a staircase to the Ecumenical Temple.
  7488 | Temple   | Entered the Ecumenical Temple
  7644 | D:7      | Noticed a troll
  7658 | D:7      | Killed a troll
  8481 | D:8      | Noticed a troll
  8489 | D:7      | Reached XP level 10. HP: 79/97 MP: 10/10
  8588 | D:7      | Reached skill level 12 in Fighting
  8772 | D:8      | Noticed Grum
  9378 | D:8      | Killed Grum
 10111 | D:4      | Bought a pair of heavily runed boots for 266 gold pieces
 10111 | D:4      | Identified the +0 pair of boots of Dogmatism {rElec rC+
                  | Dex+2} (You bought it in a shop on level 4 of the Dungeon)
 10426 | D:9      | Found a shadowy altar of Dithmenos.
 10855 | D:9      | Noticed a cyclops
 10979 | D:9      | Reached skill level 13 in Fighting
 10990 | D:9      | Found a staircase to the Lair.
 11005 | D:9      | Noticed Erica
 11027 | D:9      | Killed Erica
 11345 | D:9      | Reached XP level 11. HP: 107/107 MP: 11/11
 11534 | D:9      | Killed a cyclops
 11535 | D:9      | Reached skill level 14 in Fighting
 11636 | D:9      | Noticed a deep elf pyromancer
 11668 | D:9      | Killed a deep elf pyromancer
 11669 | D:9      | Reached skill level 15 in Axes
 12124 | D:10     | Entered Level 10 of the Dungeon
 12125 | D:10     | Found a sparkling altar of Nemelex Xobeh.
 12125 | D:10     | Found an iron altar of Okawaru.
 12126 | D:10     | Found a glowing silver altar of Zin.
 12127 | D:10     | Found a hide-covered altar of Uskayaw.
 12127 | D:10     | Found a snail-covered altar of Cheibriados.
 12168 | D:10     | Found a radiant altar of Vehumet.
 12170 | D:10     | Found an ancient bone altar of Kikubaaqudgha.
 12171 | D:10     | Noticed a two-headed ogre
 12173 | D:10     | Became a worshipper of Warmaster Okawaru
 12180 | D:10     | Killed a two-headed ogre
 12517 | D:10     | Found a staircase to the Orcish Mines.
 12987 | D:11     | Noticed a centaur warrior
 12995 | D:11     | Reached * piety under Okawaru
 13000 | D:11     | Killed a centaur warrior
 13001 | D:11     | Reached skill level 15 in Fighting
 13450 | D:11     | Reached ** piety under Okawaru
 13495 | D:11     | Noticed a two-headed ogre
 13506 | D:11     | Killed a two-headed ogre
 13507 | D:11     | Reached XP level 12. HP: 48/122 MP: 9/12
 14246 | Lair:1   | Entered Level 1 of the Lair of Beasts
 14374 | D:4      | Bought a pair of embroidered gloves for 210 gold pieces
 14519 | Orc:1    | Entered Level 1 of the Orcish Mines
 14551 | Orc:1    | Reached skill level 16 in Fighting
 14982 | Orc:2    | Entered Level 2 of the Orcish Mines
 14992 | Orc:2    | Noticed Josephine
 15004 | Orc:2    | Reached skill level 1 in Invocations
 15006 | Orc:2    | Reached *** piety under Okawaru
 15007 | Orc:2    | Noticed a two-headed ogre
 15008 | Orc:2    | Killed Josephine
 15373 | Orc:1    | Killed a two-headed ogre
 15701 | Orc:2    | Noticed a two-headed ogre
 15716 | Orc:2    | Killed a two-headed ogre
 15716 | Orc:2    | Reached **** piety under Okawaru
 15823 | Orc:2    | Noticed a two-headed ogre
 15825 | Orc:2    | Noticed Snorg
 15848 | Orc:1    | Killed a two-headed ogre
 15849 | Orc:1    | Reached skill level 5 in Armour
 16094 | Orc:2    | Killed Snorg
 16399 | Orc:2    | Reached skill level 5 in Invocations
 16403 | Orc:2    | Reached ***** piety under Okawaru
 17411 | Orc:1    | Noticed an orc warlord
 17670 | Orc:2    | Received a gift from Okawaru
 17777 | Orc:2    | Found a roughly hewn altar of Beogh.
 17813 | Orc:2    | Reached skill level 17 in Fighting
 18006 | Orc:2    | Reached XP level 13. HP: 127/132 MP: 18/18
 18049 | Orc:2    | Found Music's Jewellery Emporium.
 18064 | Orc:2    | Found Utumu Pevvul's Antique Armour Shoppe.
 18337 | Orc:2    | Identified the +0 hat of the Forest {+Inv Fly rCorr Dex-5}
                  | (Okawaru gifted it to you on level 2 of the Orcish Mines)
 18337 | Orc:2    | Received a gift from Okawaru
 18478 | Orc:2    | Found Xigreom's General Store.
 18821 | Orc:2    | Noticed Saint Roka
 18828 | Orc:2    | Found a roughly hewn altar of Beogh.
 18847 | Orc:2    | Killed Saint Roka
 18862 | Orc:2    | HP: 5/134 [orc priest/divine providence (11)]
 18872 | Orc:2    | HP: 1/134 [sixfirhy[an orc high priest] (10)]
 18872 | Orc:2    | Slain by a sixfirhy

Illustrated notes

Levels and vault maps discovered:
D:1:      dpeg_arrival_water_temple_mockup, layout_loops_ring
D:2:      layout_basic, basic_altar, grunt_ministairs_13, minmay_tromino_i4,
          uniq_crazy_yiuf_cottage
D:3:      layout_loops_ring, hellmonk_ecumenical_altar_arch_garden,
          minmay_hedge_maze
D:4:      minmay_door_path, layout_gridville, nicolae_wu_jian_wuxing_cycle,
          serial_shops, nicolae_shop_temple_entry_statues_fountains,
          uniq_grinder
D:5:      corexii_shack_village, layout_basic
D:6:      layout_basic, nzn_hepliaklqana_mist_gate, tgw_trog, uniq_maggie,
          uniq_menkaure
D:7:      layout_cave_pools, minmay_temple_entry_sparse_star, serial_bayou,
          serial_bayou_pond_e, serial_bayou_pond_d, serial_bayou_crossing,
          serial_bayou_pond_b, serial_bayou_pond_c, serial_bayou_shore_b,
          minmay_shop_grid_forest, nicolae_inconvenience_store, uniq_pikel
D:8:      layout_cave_pools, kennysheep_generic_room_10, uniq_grum
D:9:      layout_loops_cross, grunt_dithmenos_smoke,
          due_lair_maze_entry_diamond, hangedman_corner_corridor, uniq_erica
D:10:     layout_loops_ring, grunt_temple_overflow_open, orc_0_dummy
D:11:     layout_basic
D:12:     layout_long_grid, nicolae_trove_entry_isolated, minmay_strange_pillars
Temple:   jpeg_temple_clearing
Lair:1:   layout_regular_city, portal_ice_cave_entry_pillars_1
Orc:1:    layout_caves
Orc:2:    pubby_orc_utopia, uniq_snorg, uniq_josephine

Skill      XL: |  1  2  3  4  5  6  7  8  9 10 11 12 13 |
---------------+----------------------------------------+-----
Axes           | 3 4 6 8 10 12 14 16 | 16.0
Fighting       | 4 5 6 8 10 11 13 15 17 | 17.8
Shields        | 4 |  4.0
Invocations    | 7 8 |  8.0
Armour         | 6 8 |  8.8

Action                   |  1- 3 |  4- 6 |  7- 9 | 10-12 | 13-15 || total
-------------------------+-------+-------+-------+-------+-------++-------
Melee: War axe           |    90 |   133 |   274 |   148 |       ||   645
       Broad axe         |       |       |       |   394 |    89 ||   483
Throw: Dart              |       |     6 |     3 |       |       ||     9
Invok: Heroism           |       |       |       |     5 |     2 ||     7
       Finesse           |       |       |       |       |     2 ||     2
Evoke: Wand              |       |       |       |     3 |       ||     3
  Use: Scroll            |       |     7 |     1 |    14 |       ||    22
       Potion            |       |     1 |     3 |       |     4 ||     8
Armor: Scale mail        |    41 |     8 |       |       |       ||    49
       Chain mail        |       |    45 |   146 |   193 |       ||   384
       Plate armour      |       |       |       |    79 |    34 ||   113
Dodge: Dodged            |    42 |    44 |   109 |   388 |    41 ||   624
Block: Buckler           |    26 |    21 |    54 |   147 |    18 ||   266

Table legend: (Time is in decaauts)
 A = Elapsed time spent in this place.
 B = Non-inter-level travel time spent in this place.
 C = Inter-level travel time spent in this place.
 D = Time resting spent in this place.
 E = Time spent auto-exploring this place.
 F = Levels seen in this place.
 G = Mean time per level.
                   A        B        C        D        E       F      G
               +--------+--------+--------+--------+--------+-----+--------+
         Total |  18889 |  17910 |    979 |   7959 |   6430 |  16 | 1180.6 |
       Dungeon |  14737 |  13795 |    942 |   5243 |   6068 |  12 | 1228.1 |
        Temple |    143 |    126 |     17 |      0 |    106 |   1 |  143.0 |
          Lair |      4 |      4 |      0 |      0 |      0 |   1 |    4.0 |
  Orcish Mines |   4003 |   3984 |     19 |   2716 |    256 |   2 | 2001.5 |
               +--------+--------+--------+--------+--------+-----+--------+

Top non-repeatable levels by time:
   Orc:2: 2588 daAuts
     D:5: 2038 daAuts
     D:9: 1893 daAuts
     D:7: 1782 daAuts
     D:6: 1685 daAuts
     D:4: 1486 daAuts
   Orc:1: 1414 daAuts
    D:11: 1326 daAuts
     D:2: 1157 daAuts
    D:10: 1075 daAuts
     D:1: 784 daAuts
     D:3: 769 daAuts
     D:8: 731 daAuts
  Temple: 143 daAuts
    D:12: 5 daAuts
